 Dungeon Crawl Stone Soup version 0.17-a0-1078-g243345b (webtiles) character file.

748341 nubinia the Sorcerer (level 27, -10/168 (171) HPs)
             Began as a High Elf Fire Elementalist on May 13, 2015.
             Was the Champion of Vehumet.
             Blown up by an ancient lich (31 damage)
             ... with a wavering orb of destruction
             ... on level 2 of the Tomb of the Ancients on May 19, 2015.
             The game lasted 22:57:27 (159063 turns).

nubinia the Sorcerer (High Elf Fire Elementalist) Turns: 159063, Time: 22:57:27

HP:   -10/168 (171) AC: 20    Str:  9    XL:     27
MP:   51/54         EV: 33    Int: 31    God:    Vehumet [******]
Gold: 7498          SH:  0    Dex: 35    Spells: 18 memorised, 4 levels left

rFire  . . .     SeeInvis .     a - +7 scimitar "Eliecapt" {flame, Dex+6}
rCold  + + +     Clarity  +     S - +3 leather armour {rN+}
rNeg   + + +     SustAb   +     (no shield)
rPois  .         Gourm    .     g - +1 helmet of Hedam {*Confuse rC++ Int+2}
rElec  +         Spirit   .     u - +2 cloak {MR+}
rCorr  .         Warding  +     D - +2 pair of gloves {Dex+3}
rMut   .         Stasis   .     U - +2 pair of boots {Fly}
MR     +++++                    w - amulet of Adenwoq {Ward rN+ Str+2 Int+4 Slay+2}
Stlth  ++++++++..               C - ring of sustain abilities
                                X - ring "Qaytwuh" {*Confuse rElec rC+ rN+ MR+}

@: flying, delayed fireball, deflect missiles, almost entirely resistant to
hostile enchantments, extraordinarily stealthy
A: breathe flames 1, clarity, magic resistance 1, shaggy fur 1, MP-powered wands
a: Renounce Religion, Breathe Fire, Release Delayed Fireball, Stop Flying
}: 4/15 runes: decaying, slimy, silver, gossamer


You were on level 2 of the Tomb of the Ancients.
You worshipped Vehumet.
Vehumet was exalted by your worship.
You were hungry.

You visited 13 branches of the dungeon, and saw 65 of its levels.
You visited the Abyss 1 time.
You also visited: Trove and Wizlab.

You collected 10804 gold pieces.
You spent 3306 gold pieces at shops.

Inventory:

Hand weapons
 a - the +7 scimitar "Eliecapt" (weapon) {flame, Dex+6}
   (You found it on level 3 of the Elven Halls)

   It has been specially enchanted to burn those struck by it, causing extra
   injury to most foes and up to half again as much damage against particularly
   susceptible opponents.
   Big, fiery blades are also staple armaments of hydra-hunters.
   It affects your dexterity (+6).
 b - a +7 longbow of flaming
Missiles
 i - 935 arrows
 A - 107 arrows of dispersal
Armour
 g - the +1 helmet of Hedam (worn) {*Confuse rC++ Int+2}
   (You found it on level 5 of the Vaults)

   It affects your intelligence (+2).
   It greatly protects you from cold.
   It may confuse you when you take damage.
 n - the +1 pair of boots of Vofaklof {rF++ MR+}
   (You acquired it on level 1 of the Depths)

   It greatly protects you from fire.
   It affects your resistance to hostile enchantments.
 u - a +2 cloak of magic resistance (worn)
 D - a +2 pair of gloves of dexterity (worn)
 E - a +2 robe of the Archmagi
 K - the +5 ring mail of the Doge {rPois rF+ rN+ Dex-4}
   (You found it in a treasure trove)

   It affects your dexterity (-4).
   It protects you from fire.
   It protects you from poison.
   It protects you from negative energy.
 N - the +3 robe of Clouds {+Fly rElec}
   (You took it off a Cloud Mage in a wizard's laboratory)

   It insulates you from electricity.
   It lets you fly.
 S - a +3 leather armour of positive energy (worn)
 U - a +2 pair of boots of flying (worn)
 W - the +0 pair of boots of Spring {rF+ Dex+3}
   (You acquired it on level 6 of the Pits of Slime)

   It affects your dexterity (+3).
   It protects you from fire.
Jewellery
 e - the ring "Depp" {rPois MP+9}
   (You found it on level 6 of the Pits of Slime)

   [ring of magical power]

   It protects you from poison.
   It affects your magic capacity (+9).
 f - an uncursed ring of protection from fire
 j - the ring of Midsummer {rN+ Dex+3}
   (You found it on level 3 of the Crypt)

   [ring of positive energy]

   It affects your dexterity (+3).
   It protects you from negative energy.
 l - a +5 ring of dexterity
 q - an uncursed ring of protection from cold
 s - the amulet of Nipnuul {rMut SInv}
   (You found it on level 6 of the Pits of Slime)

   [amulet of resist mutation]

   It protects you from mutation.
   It lets you see invisible.
 w - the amulet of Adenwoq (around neck) {Ward rN+ Str+2 Int+4 Slay+2}
   (You found it on level 3 of the Crypt)

   [amulet of warding]

   It may prevent the melee attacks of summoned creatures.
   It affects your strength (+2).
   It affects your intelligence (+4).
   It affects your accuracy and damage with ranged weapons and melee attacks
   (+2).
   It protects you from negative energy.
 C - a ring of sustain abilities (right hand)
 G - an uncursed ring of teleportation
 L - a +6 ring of dexterity
 O - an uncursed amulet of resist corrosion
 X - the ring "Qaytwuh" (left hand) {*Confuse rElec rC+ rN+ MR+}
   (You found it on level 6 of the Pits of Slime)

   [ring of protection from magic]

   It protects you from cold.
   It insulates you from electricity.
   It protects you from negative energy.
   It affects your resistance to hostile enchantments.
   It may confuse you when you take damage.
Magical devices
 p - a wand of draining (7)
 x - a wand of hasting (2)
 B - a wand of teleportation (0)
 P - a wand of heal wounds (5)
 R - a wand of digging (9)
 Y - a wand of cold (1)
Scrolls
 d - 3 scrolls of identify
 h - 12 scrolls of magic mapping
 o - 3 scrolls of blinking
 I - 25 scrolls of remove curse
 J - 2 scrolls of fear
 Q - 4 scrolls of recharging
Potions
 r - a potion of berserk rage
 F - 5 potions of invisibility
 H - 7 potions of curing
 M - 4 potions of agility
 T - 3 potions of cancellation
 V - 10 potions of haste
 Z - a potion of heal wounds
Miscellaneous
 t - a fan of gales
 v - a sack of spiders
 y - a lamp of fire
 z - a lamp of fire
Comestibles
 c - 18 bread rations


   Skills:
 + Level 10.3 Fighting
   Level 4.3(9.7) Short Blades
 + Level 13.1(13.4) Long Blades
   Level 0.2 Maces & Flails
 + Level 22.4 Bows
 + Level 3.1 Throwing
 + Level 8.4 Armour
 + Level 17.1 Dodging
 + Level 19.2 Stealth
   Level 0.5 Shields
 + Level 26.5 Spellcasting
 + Level 21.7 Conjurations
   Level 2.8 Hexes
 + Level 12.9 Charms
   Level 0.3 Summonings
 + Level 2.1 Necromancy
 + Level 13.1 Translocations
   Level 0.4 Transmutations
 + Level 17.1 Fire Magic
 + Level 1.3 Ice Magic
 + Level 21.1 Air Magic
   Level 1.9 Earth Magic
   Level 3.0 Poison Magic
 + Level 3.1 Evocations


You had 4 spell levels left.
You knew the following spells:

 Your Spells              Type           Power        Failure   Level  Hunger
a - Airstrike             Air            ########..   0%          4    None
b - Fireball              Conj/Fire      ########..   0%          5    None
c - Tornado               Air            ########..   4%          9    ####...
d - Sticky Flame          Conj/Fire      ########     0%          4    None
e - Delayed Fireball      Conj/Fire      N/A          1%          7    None
f - Deflect Missiles      Chrm/Air       #######...   1%          6    None
g - Shroud of Golubria    Chrm/Tloc      #######...   0%          2    None
h - Phase Shift           Tloc           #######...   1%          5    None
i - Iskenderun's Battles  Conj/Chrm      #######.     1%          5    None
j - Lightning Bolt        Conj/Air       ########..   0%          5    None
k - Conjure Ball Lightni  Conj/Air       ########..   1%          6    None
l - Freezing Cloud        Conj/Ice/Air   #######...   1%          6    None
n - Force Lance           Conj/Tloc      #######.     0%          4    None
o - Blink                 Tloc           N/A          0%          2    None
q - Apportation           Tloc           #######...   0%          1    None
r - Regeneration          Chrm/Necr      ######....   1%          3    None
C - Control Teleport      Chrm/Tloc      #######...   1%          4    None
S - Swiftness             Chrm/Air       #######.     0%          2    None


Dungeon Overview and Level Annotations

Branches:
Dungeon (15/15)            Temple (1/1) D:5            Lair (8/8) D:9
  Swamp (4/4) Lair:6       Spider (4/4) Lair:6        Slime (6/6) Lair:8
    Orc (4/4) D:11            Elf (3/3) Orc:4        Vaults (5/5) D:13
  Crypt (3/3) Vaults:3       Tomb (3/3) Crypt:3      Depths (5/5) D:15
    Zot (4/5) Depths:5

Altars:
Ashenzari
Cheibriados
Dithmenos
Elyvilon
Fedhas
Gozag
Kikubaaqudgha
Makhleb
Nemelex Xobeh
Okawaru
Qazlal
Ru
Sif Muna
Trog
Vehumet
Xom
Yredelemnul
Zin
The Shining One
Beogh
Jiyva

Shops:
D:8 :   D:10 *   D:11 ?}?!   Orc:4 [(}=?   Vaults:1 (   Vaults:4 [

Portals:
Hell: Depths:1 Depths:2 Depths:3 Depths:4 Depths:5
Abyss: Depths:4 Depths:5
Pandemonium: Depths:3
Ziggurat: Depths:3

Annotations:
Slime:5 exclusion: upstairs
Crypt:3 exclusions: curse skull and upstairs
Tomb:1 Charly's ghost, great DsMo
Depths:3 exclusion: orange crystal statue
Zot:1 exclusion: 12 doors
Zot:3 exclusion: downstairs
Zot:4 1 exclusion, Tiamat


Innate Abilities, Weirdness & Mutations

You can breathe flames.
You possess an exceptional clarity of mind.
You are resistant to hostile enchantments.
You are covered in fur (AC +1).
You expend magic power (3 MP) to strengthen your wands.


Message History

You slash something! You burn something. Something misses you.
You closely miss something. Something completely misses you.
You completely miss something. Something completely misses you.
You hit something. You burn something. You hit something but do no damage.
Something touches you!
* * * LOW HITPOINT WARNING * * *
You hit something.
Something touches you but does no damage.
You hit something but do no damage. Something touches you.
* * * LOW HITPOINT WARNING * * *
Casting: Sticky Flame
Confirm with . or Enter, or press ? or * to list all spells.
Aiming: Sticky Flame
Press: ? - help, Shift-Dir - straight line The sticky flame hits something.
The ancient lich is covered in liquid flames!
The ancient lich burns!
The ancient lich conjures an orb of pure magic.
The wavering orb of destruction weakly hits you!
You die...

......#.....#^...#
.....##.....'.(..#
.....#......#....#
.##.........#....#
.###........######
..##........#>...#
........##.(#....#
......####..#...L#
..(...##....#..^@#
............#....#
#############..^.#
#.....^..#......^#
#^^.)...^#^......#
'.^...^..'.......#
#.......[#.......#
#....^...#.......#
##################


You could see an ancient lich (burning).

Vanquished Creatures
  the royal jelly (Slime:6)
  Khufu (Tomb:1)
  4 ancient liches
  25 greater mummies
  Boris (twice) (Vaults:2 Depths:5)
  Margery (Depths:1)
  Saint Roka (Elf:2)
  A Killer Klown (Zot:1)
  7 golden dragons
  Jory (Depths:5)
  2 electric golems
  A Cloud Mage (WizLab)
  Rupert (Lair:5)
  7 liches
  14 tentacled monstrosities
  Asterion (Spider:4)
  The ghost of Charly the Black Belt, a mighty DgTm (Elf:3)
  4 deep elf blademasters (Elf:3)
  5 titans
  4 deep elf master archers (Elf:3)
  6 ancient champions
  6 shadow dragons
  2 octopode crushers (Depths:1)
  8 tengu reavers
  A thorn hunter (Swamp:3)
  19 acid blobs
  Agnes (Elf:1)
  8 sphinxes
  7 storm dragons
  Roxanne (Swamp:1)
  4 revenants
  13 fire giants
  2 iron dragons
  5 deep elf sorcerers
  Maud (D:10)
  21 azure jellies
  A draconian knight (Zot:3)
  2 orc warlords
  19 vault wardens
  13 frost giants
  4 draconian scorchers
  A cacodemon (Abyss:1)
  Aizul (Spider:1)
  7 ghost moths
  Louise (Spider:3)
  11 emperor scorpions
  A curse skull (Crypt:3)
  3 draconian zealots
  The ghost of nago the Impaler, a powerful NaWn of Kikubaaqudgha (Lair:8)
  A caustic shrike zombie (Crypt:1)
  26 ironheart preservers
  3 draconian shifters
  7 reapers
  18 ghouls
  29 stone giants
  2 draconian annihilators
  A war gargoyle (Vaults:5)
  A caustic shrike skeleton (Crypt:1)
  8 green draconians
  20 very ugly things
  2 draconian callers
  6 vampire knights
  Nessos (D:15)
  6 deep elf demonologists
  2 black draconians
  5 yellow draconians
  Azrael (D:12)
  2 mottled draconians
  6 purple draconians
  2 bennus (Tomb:3)
  6 white draconians
  5 deep elf annihilators
  4 red draconians
  14 ettins
  17 eidola
  Snorg (Lair:5)
  A merfolk javelineer (Depths:1)
  11 deep elf death magi
  15 jiangshi
  34 mummy priests
  3 deep elf high priests
  A fire dragon (shapeshifter) (Depths:3)
  7 death oozes
  22 fire dragons
  39 vault guards
  5 rakshasas
  12 great orbs of eyes
  Fannar (D:10)
  26 ice dragons
  A quicksilver dragon skeleton (Crypt:3)
  10 entropy weavers
  3 ghost crabs
  27 hydras
  5 death cobs
  19 yaktaur captains
  2 spriggan air magi
  13 centaur warriors
  7 alligators
  17 dancing weapons
  2 anacondas (shapeshifter)
  3 death knights
  2 tengu warriors
  8 vampire magi
  6 salamander stormcallers
  8 deep troll shamans
  17 ogre magi
  8 deep troll earth magi
  15 death yaks
  5 spriggan berserkers
  4 titan zombies
  6 orc high priests
  10 soul eaters
  3 fire crabs
  2 titan skeletons
  10 flayed ghosts
  11 hell knights
  30 skeletal warriors
  2 swamp dragons (shapeshifter)
  53 death scarabs
  3 spriggan druids
  6 unseen horrors
  A ghost moth zombie (Tomb:1)
  5 shadow wraiths
  4 wizards
  An anubis guard (shapeshifter) (Depths:5)
  10 swamp dragons
  An ice devil (Elf:3)
  30 deep trolls
  27 deep elf knights
  A harpy (shapeshifter) (Depths:4)
  An unseen horror (shapeshifter) (Vaults:2)
  The ghost of Viceroy the Ruffian, an experienced TrMo of Gozag (D:5)
  A shambling mangrove (Swamp:3)
  14 deep elf summoners
  15 hill giants
  Pikel (D:8)
  22 anubis guards
  A golden dragon skeleton (Crypt:3)
  18 necromancers
  9 giant orange brains
  9 harpies
  24 phantasmal warriors
  23 ironbrand convokers
  23 orc knights
  15 deep elf conjurers
  An orb spider (shapeshifter) (Vaults:4)
  3 mana vipers
  A wolf spider zombie (D:15)
  7 cyclopes
  10 shining eyes
  4 fire giant zombies
  6 griffons
  21 orb spiders
  2 large abominations
  2 frost giant zombies
  44 ugly things
  33 wolf spiders
  3 manticores
  8 orc sorcerers
  2 salamanders (Depths:5)
  2 stone giant zombies (Crypt:3)
  An iron dragon skeleton (Crypt:3)
  A black mamba (shapeshifter) (D:13)
  12 elephants
  9 hornets
  2 frost giant skeletons
  7 centaur zombies
  2 rust devils
  19 black mambas
  A guardian serpent (Lair:8)
  A sixfirhy (Orc:2)
  2 fire giant skeletons
  23 moths of wrath
  A spriggan zombie (Depths:4)
  Psyche (D:10)
  3 torpor snails
  5 dire elephant zombies
  The ghost of halfnothing the Nimble, an experienced SpCK of Xom (D:6)
  A shock serpent skeleton (Crypt:2)
  A green draconian zombie (Zot:1)
  2 smoke demons
  12 vault sentinels
  A storm dragon simulacrum (Vaults:4)
  5 spectral swamp worms (Depths:2)
  A gargoyle (D:12)
  29 spiny frogs
  3 eyes of devastation
  4 centaur skeletons
  4 tengu conjurers
  A dire elephant skeleton (Crypt:3)
  71 yaktaurs
  18 deep elf priests
  9 demonic crawlers
  6 fire drakes
  8 trolls
  10 komodo dragons
  A blue devil (Tomb:2)
  7 kobold demonologists
  14 freezing wraiths
  43 guardian mummies
  11 polar bears
  A minotaur zombie (Crypt:1)
  3 harpy zombies
  28 two-headed ogres
  A ghost moth simulacrum (Crypt:3)
  16 hellwings
  2 efreet
  A red devil (Tomb:2)
  10 giant leeches
  28 jumping spiders
  A jumping spider (shapeshifter) (D:10)
  A wolf spider simulacrum (Tomb:3)
  7 wind drakes (WizLab)
  10 boulder beetles
  21 ravens
  21 ushabtiu
  28 blink frogs
  A moth of wrath zombie (Crypt:2)
  A queen bee (Lair:3)
  A shadow dragon simulacrum (Depths:4)
  8 bog bodies
  A fire giant simulacrum (Vaults:2)
  A frost giant simulacrum (Tomb:3)
  19 trapdoor spiders
  A hornet zombie (Crypt:1)
  111 slime creatures
  A raiju (Lair:8)
  A raiju (shapeshifter) (D:13)
  5 spriggans
  An elf simulacrum (Depths:4)
  41 redbacks
  13 shadows
  A water elemental (Depths:1)
  14 flying skulls
  A tarantella (shapeshifter) (Depths:3)
  A human simulacrum (Vaults:2)
  A stone giant simulacrum (Vaults:3)
  3 wyverns
  A redback (shapeshifter) (Depths:1)
  2 centaur simulacra
  77 yaks
  A spriggan (shapeshifter) (Depths:4)
  16 wraiths
  A fire bat (Abyss:1)
  35 deep elf magi
  26 deep elf fighters
  A hippogriff (shapeshifter) (Depths:2)
  16 tarantellas
  2 golden eyes (Slime:6)
  A basilisk (Lair:6)
  A yak (shapeshifter) (Depths:1)
  10 hippogriffs
  4 hungry ghosts
  A neqoxec (Elf:1)
  Grum (D:10)
  2 fire elementals (D:12)
  49 air elementals
  4 vampires
  A ynoxinul (Tomb:2)
  A spectral spiny frog (Tomb:1)
  28 vampire mosquitoes
  40 wolves
  5 mottled dragons
  28 insubstantial wisps
  20 swamp worms
  A yellow draconian simulacrum (Tomb:2)
  19 wargs
  An orb spider zombie (Crypt:2)
  An infernal demonspawn zombie (Crypt:2)
  A soldier ant (D:13)
  2 spiny frog zombies
  12 swamp drakes
  A hydra simulacrum (Tomb:2)
  10 porcupines
  4 raven skeletons (Crypt:3)
  A deep dwarf (shapeshifter) (Vaults:2)
  11 hell hounds
  13 black bears
  6 ice beasts
  30 water moccasins
  8 eyes of draining
  A phantom (D:13)
  17 spiders
  60 orc warriors
  14 necrophages
  5 sky beasts
  2 snapping turtle zombies
  A sky beast (shapeshifter) (Elf:2)
  16 crocodiles
  63 ogres
  14 wasps
  15 boggarts
  A spectral human (Tomb:2)
  An elephant skeleton (Crypt:2)
  7 lost souls
  34 centaurs
  A centaur (shapeshifter) (Vaults:4)
  3 big kobolds
  30 giant frogs
  An elf zombie (Crypt:3)
  A gnoll sergeant (D:4)
  9 scorpions
  A glowing shapeshifter simulacrum (Vaults:1)
  A snapping turtle simulacrum (Tomb:1)
  A spriggan skeleton (Crypt:3)
  33 killer bees
  9 wights
  7 electric eels
  A hippogriff skeleton (Crypt:1)
  9 crimson imps
  A giant frog zombie (D:10)
  A quasit (D:10)
  48 jellies
  15 hounds
  6 giant frog skeletons
  29 orc priests
  35 orc wizards
  14 iguanas
  A black bear skeleton (Crypt:2)
  4 gnoll shamans
  2 hell rats
  3 human skeletons
  9 worker ants
  A demigod zombie (Crypt:1)
  12 sheep
  A naga skeleton (Crypt:2)
  An ogre skeleton (Crypt:3)
  2 hound skeletons
  55 mummies
  2 worker ant zombies
  Robin (D:2)
  21 adders
  46 gnolls
  75 river rats
  5 shadow imps
  2 ufetubi
  7 oozes
  A sheep zombie (Crypt:2)
  3 worms
  4 giant geckos
  251 orcs
  An orc (shapeshifter) (Vaults:5)
  10 bats
  A bat zombie (D:6)
  6 giant cockroaches
  30 goblins
  24 hobgoblins
  40 jackals
  6 quokkas
  2 ball pythons
  3 giant gecko skeletons (D:4)
  9 giant newts
  A jackal zombie (Crypt:2)
  29 kobolds
  A kobold zombie (Crypt:3)
  9 rats
  A spectral kobold (Tomb:2)
  A spectral orc (Swamp:4)
  A bush (Lair:8)
  9 butterflies (Lair:8)
  2 crawling corpses (Vaults:4)
  7 fungi
  8 plants
3822 creatures vanquished.

Vanquished Creatures (collateral kills)
  A sphinx (Vaults:5)
  An ancient champion (Crypt:3)
  An ironheart preserver (Vaults:4)
  A vampire knight (Crypt:3)
  A yaktaur captain (Vaults:5)
  An alligator (Swamp:4)
  2 skeletal warriors (Crypt:3)
  A hornet (Vaults:5)
  A dire elephant skeleton (Crypt:3)
  A hellwing (Crypt:3)
  A jumping spider (Spider:2)
  A wraith (Crypt:3)
  4 redbacks
  A swamp worm (Swamp:4)
  A swamp drake (Swamp:1)
  An ogre (Vaults:5)
  A killer bee (D:14)
21 creatures vanquished.

Vanquished Creatures (others)
  A fire giant (Depths:4)
  An emperor scorpion (Spider:4)
  A deep elf annihilator (Vaults:5)
  A jiangshi (Crypt:3)
  A deep troll shaman (Vaults:5)
  A death scarab (Tomb:3)
  An anubis guard (Tomb:2)
  A deep elf conjurer (Vaults:5)
  8 ball lightnings
  A spiny frog (Swamp:2)
  A centaur skeleton (D:13)
  2 guardian mummies
  A yaktaur (Vaults:5)
  A jumping spider (Spider:4)
  A red devil (Tomb:2)
  2 fire vortices (Vaults:5)
  An ushabti (Tomb:3)
  8 flying skulls
  5 air elementals
  A deep elf fighter (Elf:3)
  4 fire elementals
  A wraith (Crypt:3)
  A hungry ghost (Tomb:2)
  A centaur (D:8)
  2 necrophages
  2 lost souls (Crypt:3)
  A jelly (D:12)
  A worker ant (D:11)
  5 mummies (Tomb:2)
  2 ufetubi (Abyss:1)
  5 orcs
  A lurking horror (Abyss:1)
  52 fungi
  65 plants
183 creatures vanquished.

Grand Total: 4026 creatures vanquished

Notes
Turn   | Place    | Note
--------------------------------------------------------------
     0 | D:1      | nubinia the High Elf Fire Elementalist began the quest for the Orb.
     0 | D:1      | Reached XP level 1. HP: 11/11 MP: 4/4
   322 | D:1      | Reached XP level 2. HP: 17/17 MP: 2/6
   363 | D:1      | Learned a level 2 spell: Throw Flame
  1147 | D:2      | Reached skill level 4 in Fire Magic
  1147 | D:2      | Reached XP level 3. HP: 21/21 MP: 2/8
  1152 | D:2      | Learned a level 3 spell: Conjure Flame
  1946 | D:2      | Noticed Robin
  2103 | D:2      | Reached XP level 4. HP: 27/27 MP: 5/9
  2815 | D:2      | Killed Robin
  3287 | D:3      | Found a white marble altar of Elyvilon.
  3334 | D:3      | Reached XP level 5. HP: 31/31 MP: 0/11
  3343 | D:3      | Learned a level 4 spell: Sticky Flame
  4341 | D:4      | Noticed an ogre
  4495 | D:4      | Killed an ogre
  4495 | D:4      | Reached XP level 6. HP: 36/36 MP: 2/13
  4613 | D:4      | Reached skill level 5 in Fire Magic
  5609 | D:4      | Reached XP level 7. HP: 38/41 MP: 12/15
  5621 | D:4      | Reached skill level 5 in Spellcasting
  7095 | D:4      | Reached skill level 6 in Fire Magic
  7213 | D:4      | Reached XP level 8. HP: 46/46 MP: 6/17
  7702 | D:5      | Entered Level 5 of the Dungeon
  7744 | D:5      | Noticed Viceroy's ghost (experienced TrMo)
  8181 | D:5      | Killed Viceroy's ghost
  8181 | D:5      | Reached skill level 1 in Short Blades
  8181 | D:5      | Reached skill level 5 in Conjurations
  8354 | D:5      | Found a glowing golden altar of the Shining One.
  8425 | D:5      | Reached skill level 7 in Fire Magic
  8529 | D:5      | Reached skill level 1 in Fighting
  8978 | D:5      | Found a staircase to the Ecumenical Temple.
  8983 | Temple   | Entered the Ecumenical Temple
  9039 | Temple   | Became a worshipper of Vehumet
  9237 | D:6      | Reached XP level 9. HP: 41/53 MP: 13/20
  9453 | D:6      | Reached skill level 5 in Dodging
  9626 | D:6      | Found an opulent altar of Gozag.
  9670 | D:6      | Acquired Vehumet's first power
  9670 | D:6      | Offered knowledge of Sandblast by Vehumet.
 10413 | D:6      | Noticed halfnothing's ghost (experienced SpCK)
 10648 | D:7      | Found a sacrificial altar of Ru.
 11019 | D:7      | Reached skill level 1 in Armour
 11112 | D:6      | Paralysed by halfnothing's ghost for 7 turns
 11115 | D:6      | Killed halfnothing's ghost
 11115 | D:6      | Reached skill level 8 in Spellcasting
 11541 | D:7      | Offered knowledge of Shock by Vehumet.
 11544 | D:7      | Learned a level 1 spell: Shock
 12013 | D:8      | Found Geseowav's Book Shoppe.
 12281 | D:8      | Noticed Pikel
 12303 | D:8      | Killed Pikel
 12303 | D:8      | Reached XP level 10. HP: 60/60 MP: 15/23
 12371 | D:8      | Found an iron altar of Okawaru.
 12890 | D:8      | Offered knowledge of Searing Ray by Vehumet.
 12939 | D:8      | Identified a scroll of acquirement
 13020 | D:8      | Found a shattered altar of Ashenzari.
 13513 | D:9      | Reached skill level 1 in Throwing
 13608 | D:9      | Acquired Vehumet's second power
 13671 | D:9      | Reached skill level 5 in Stealth
 13671 | D:9      | Reached skill level 9 in Spellcasting
 13837 | D:9      | Offered knowledge of Dazzling Spray by Vehumet.
 13926 | D:9      | Found a shimmering altar of Xom.
 14058 | D:9      | Found a staircase to the Lair.
 14442 | D:10     | Entered Level 10 of the Dungeon
 14500 | Lair:1   | Entered Level 1 of the Lair of Beasts
 14571 | Lair:1   | Learned a level 5 spell: Fireball
 14577 | Lair:1   | Learned a level 5 spell: Bolt of Magma
 14825 | Lair:1   | Acquired Vehumet's third power
 15171 | Lair:1   | Offered knowledge of Olgreb's Toxic Radiance by Vehumet.
 15671 | Lair:1   | Reached skill level 10 in Spellcasting
 15718 | Lair:1   | Reached XP level 11. HP: 65/65 MP: 21/26
 16867 | Lair:2   | Found a shimmering altar of Xom.
 17083 | Lair:2   | Offered knowledge of Freezing Cloud by Vehumet.
 18182 | Lair:3   | Reached skill level 11 in Spellcasting
 18378 | Lair:3   | Learned a level 2 spell: Shroud of Golubria
 18382 | Lair:3   | Learned a level 3 spell: Regeneration
 18559 | Lair:3   | Reached skill level 10 in Fire Magic
 19047 | Lair:3   | Reached skill level 1 in Earth Magic
 19047 | Lair:3   | Reached XP level 12. HP: 72/72 MP: 16/28
 19242 | Lair:3   | Reached skill level 10 in Conjurations
 19995 | Lair:4   | Offered knowledge of Poisonous Cloud by Vehumet.
 20100 | Lair:4   | Reached skill level 1 in Charms
 20331 | Lair:4   | Reached skill level 1 in Translocations
 21170 | Lair:4   | Reached skill level 12 in Spellcasting
 21411 | Lair:5   | Noticed Rupert
 21412 | Lair:5   | Paralysed by Rupert for 4 turns
 21644 | Lair:6   | Noticed Snorg
 22102 | Lair:3   | Reached skill level 5 in Charms
 22457 | Lair:5   | Reached XP level 13. HP: 76/76 MP: 24/30
 23708 | Lair:5   | Killed Snorg
 23887 | Lair:5   | Paralysed by Rupert for 7 turns
 23926 | Lair:5   | Killed Rupert
 23926 | Lair:5   | Reached skill level 1 in Bows
 24876 | Lair:6   | Found a staircase to the Swamp.
 25051 | Lair:6   | Reached skill level 13 in Spellcasting
 25426 | Lair:6   | Found a hole to the Spider Nest.
 26418 | Lair:1   | Learned a level 7 spell: Delayed Fireball
 26817 | Lair:7   | Found a blossoming altar of Fedhas.
 27024 | Lair:7   | Learned a level 3 spell: Mephitic Cloud
 27370 | Lair:7   | Got a steaming great sword
 27371 | Lair:7   | Identified the +1 great sword "Gadwir" {venom, Str+4 Dex+5} (You found it on level 7 of the Lair of Beasts)
 27757 | Lair:8   | Entered Level 8 of the Lair of Beasts
 28028 | Lair:8   | Reached XP level 14. HP: 81/83 MP: 15/32
 28058 | Lair:8   | Reached skill level 1 in Long Blades
 28428 | Lair:8   | Noticed nago's ghost (powerful NaWn)
 28931 | Lair:8   | Reached skill level 14 in Spellcasting
 29971 | Lair:8   | Reached skill level 10 in Dodging
 30428 | Lair:8   | Found a staircase to the Slime Pits.
 30763 | Lair:8   | Offered knowledge of Bolt of Cold by Vehumet.
 30823 | Lair:8   | Learned a level 6 spell: Bolt of Cold
 31378 | Lair:8   | Reached skill level 1 in Air Magic
 32550 | Lair:1   | Noticed a black mamba
 32558 | Lair:1   | Killed a black mamba
 32926 | D:10     | Noticed a hill giant
 33001 | D:10     | Offered knowledge of Lightning Bolt by Vehumet.
 33008 | D:10     | Learned a level 5 spell: Lightning Bolt
 33011 | D:10     | Noticed Psyche
 33013 | D:10     | Noticed a hill giant
 33031 | D:10     | Killed Psyche
 33031 | D:10     | Killed a hill giant
 33165 | D:10     | Noticed Grum
 33171 | D:10     | Killed Grum
 33297 | D:10     | Found Qoezemes's Assorted Antiques.
 33385 | D:10     | Noticed Fannar
 33434 | D:10     | Killed Fannar
 33687 | D:10     | Noticed a cyclops
 33721 | D:10     | Killed a cyclops
 33846 | D:10     | Found a large runed door.
 33847 | D:10     | Found a large runed door.
 33944 | D:10     | Noticed Maud
 33986 | D:10     | Killed Maud
 33986 | D:10     | Reached XP level 15. HP: 88/88 MP: 16/34
 34051 | D:10     | Found a portal to a secret trove of treasure.
 34107 | D:10     | Killed a hill giant
 34159 | D:10     | Noticed a hornet
 34161 | D:10     | Found an iron altar of Okawaru.
 34364 | D:10     | Killed a hornet
 34394 | D:10     | Found a stormy altar of Qazlal.
 34395 | D:10     | Upgraded the game from 0.17-a0-1011-gfa70bdd to 0.17-a0-1037-gbf358b4
 34694 | D:11     | Found Arankim's Gadget Shoppe.
 34938 | D:11     | Reached skill level 1 in Poison Magic
 35031 | D:11     | Found Dahadw Xocu's Magic Scroll Boutique.
 35044 | D:11     | Bought a scroll of identify for 26 gold pieces
 35056 | D:11     | Found Redghav's Distillery.
 35095 | D:11     | Bought a scroll of identify for 26 gold pieces
 35115 | D:10     | Gained mutation: You are frail (-10% HP). [potion of mutation]
 35115 | D:10     | Gained mutation: You have large cloven feet. [potion of mutation]
 35115 | D:10     | Gained mutation: You are somewhat resistant to further mutation. [potion of mutation]
 35116 | D:10     | Lost mutation: You are frail (-10% HP). [potion of cure mutation]
 35116 | D:10     | Lost mutation: You have large cloven feet. [potion of cure mutation]
 35116 | D:10     | Lost mutation: You are somewhat resistant to further mutation. [potion of cure mutation]
 35182 | D:11     | Found Eczelec's Magic Scroll Emporium.
 35341 | D:11     | Found a staircase to the Orcish Mines.
 35442 | D:11     | Got a slimy dagger
 35443 | D:11     | Identified the +4 dagger of Destiny {venom, rPois Dex-3 SInv} (You took it off an orc on level 11 of the Dungeon)
 35526 | D:11     | Reached skill level 5 in Long Blades
 35853 | Orc:1    | Entered Level 1 of the Orcish Mines
 35881 | Orc:1    | You are sucked into a shaft!
 36173 | Orc:2    | Offered knowledge of Poison Arrow by Vehumet.
 37220 | Orc:2    | Offered knowledge of Spellforged Servitor by Vehumet.
 38295 | Orc:4    | Entered Level 4 of the Orcish Mines
 38380 | Orc:4    | Found Niomp's Antique Armour Emporium.
 38388 | Orc:4    | Bought a bloodstained robe for 199 gold pieces
 38388 | Orc:4    | Bought a pair of runed gloves for 157 gold pieces
 38388 | Orc:4    | Bought a pair of glowing boots for 157 gold pieces
 38398 | Orc:4    | Identified the +0 robe "Suuryawo" {rF+++ Dex+4 Slay-4 SInv} (You bought it in a shop on level 4 of the Orcish Mines)
 39064 | Orc:4    | Found a staircase to the Elven Halls.
 39538 | Orc:4    | Reached skill level 15 in Spellcasting
 39614 | Orc:4    | Reached skill level 5 in Bows
 39639 | Orc:4    | Offered knowledge of Ozocubu's Refrigeration by Vehumet.
 39816 | Orc:4    | Found Uxtuneoka's Weapon Boutique.
 39816 | Orc:4    | Found Senojupp's Magic Scroll Emporium.
 39823 | Orc:4    | Found Nawoiluz's Gadget Boutique.
 39823 | Orc:4    | Found Cehon's Jewellery Emporium.
 40628 | Swamp:1  | Entered Level 1 of the Swamp
 41258 | Swamp:1  | Offered knowledge of Fire Storm by Vehumet.
 41258 | Swamp:1  | Offered knowledge of Glaciate by Vehumet.
 41258 | Swamp:1  | Offered knowledge of Tornado by Vehumet.
 41648 | Elf:1    | Entered Level 1 of the Elven Halls
 41841 | Elf:1    | Found a radiant altar of Vehumet.
 43089 | Elf:1    | Noticed Agnes
 43222 | Elf:1    | Reached XP level 16. HP: 85/95 MP: 22/36
 43230 | Elf:1    | Killed Agnes
 43523 | Elf:1    | Cast into the Abyss (a deep elf demonologist)
 43651 | Abyss:1  | Found a bloodstained altar of Trog.
 43862 | Abyss:1  | Noticed a lich
 43886 | Abyss:1  | Noticed a lich
 43889 | Elf:1    | Escaped the Abyss
 43890 | Elf:1    | Noticed a Shadow Fiend
 44415 | Elf:1    | Got a polished buckler
 44552 | Elf:1    | Identified the +1 buckler of Gluttony {rF+} (You took it off a deep elf demonologist on level 1 of the Elven Halls)
 44796 | D:8      | Bought a book of Conjurations for 420 gold pieces
 44798 | D:8      | Learned a level 1 spell: Magic Dart
 44804 | D:8      | Learned a level 5 spell: Iskenderun's Battlesphere
 44808 | D:8      | Learned a level 3 spell: Dazzling Spray
 44871 | D:11     | Bought a scroll of acquirement for 676 gold pieces
 44871 | D:11     | Bought a scroll of acquirement for 676 gold pieces
 44873 | D:11     | Got a pair of faintly humming boots
 44894 | D:11     | Identified the +0 pair of boots "Bocliaco" {rC- Int+4 Dex+7} (You acquired it on level 11 of the Dungeon)
 44915 | D:11     | Bought a scroll of acquirement for 728 gold pieces
 44916 | D:11     | Got a steaming buckler
 44922 | D:11     | Identified the +1 buckler "Ugekk" {*Confuse MR+ Dex+5} (You acquired it on level 11 of the Dungeon)
 45336 | Swamp:1  | Reached skill level 5 in Translocations
 45440 | Swamp:1  | Noticed Roxanne
 45510 | Swamp:1  | Killed Roxanne
 47191 | Swamp:2  | Got a brightly glowing leather armour
 47202 | Swamp:2  | Identified the +1 leather armour of Muicautt {-Cast +Blink rElec MR+} (You found it on level 2 of the Swamp)
 48355 | Swamp:3  | Reached skill level 16 in Spellcasting
 49241 | Swamp:4  | Entered Level 4 of the Swamp
 50026 | Swamp:3  | Reached skill level 1 in Hexes
 50858 | Swamp:4  | Reached XP level 17. HP: 101/101 MP: 32/38
 51694 | Swamp:4  | Learned a level 1 spell: Animate Skeleton
 51770 | Swamp:4  | Got a decaying rune of Zot
 52301 | Swamp:4  | Upgraded the game from 0.17-a0-1037-gbf358b4 to 0.17-a0-1046-ga09e34d
 52496 | Lair:1   | Learned a level 3 spell: Ignite Poison
 52501 | Lair:1   | Learned a level 4 spell: Force Lance
 52649 | Spider:1 | Entered Level 1 of the Spider Nest
 52804 | Spider:1 | Noticed Aizul
 53191 | Spider:1 | Killed Aizul
 53227 | Spider:1 | Reached skill level 5 in Fighting
 53227 | Spider:1 | Reached XP level 18. HP: 105/108 MP: 14/39
 53800 | Spider:2 | Gained mutation: You have a pair of small horns on your head. [potion of beneficial mutation]
 53911 | Spider:2 | Reached skill level 5 in Armour
 53914 | Spider:2 | Reached skill level 10 in Bows
 54984 | Lair:1   | Gained mutation: You possess an exceptional clarity of mind. [potion of mutation]
 54984 | Lair:1   | Gained mutation: You are resistant to hostile enchantments. [potion of mutation]
 56073 | Spider:3 | Noticed Louise
 56083 | Spider:3 | Killed Louise
 56985 | Spider:4 | Entered Level 4 of the Spider Nest
 57082 | Spider:4 | Noticed Asterion
 57230 | Spider:4 | Killed Asterion
 57975 | Spider:4 | Reached skill level 5 in Air Magic
 60304 | Spider:4 | Got a gossamer rune of Zot
 60828 | D:12     | Reached XP level 19. HP: 101/115 MP: 40/40
 60852 | D:12     | Noticed Azrael
 61664 | D:12     | Killed Azrael
 61725 | D:12     | Reached skill level 17 in Spellcasting
 62079 | D:12     | Found a roughly hewn altar of Beogh.
 62521 | D:13     | Reached skill level 15 in Conjurations
 63322 | D:13     | Found a gate to the Vaults.
 63823 | D:10     | Bought a small pearl ring for 170 gold pieces
 63987 | Vaults:1 | Entered Level 1 of the Vaults
 64577 | Lair:2   | Noticed an eight-headed hydra
 64582 | Lair:2   | Killed an eight-headed hydra
 65479 | Vaults:1 | Found Vutijo's Weapon Boutique.
 69397 | Vaults:1 | Reached XP level 20. HP: 79/123 MP: 27/42
 71065 | D:14     | Reached skill level 15 in Bows
 71268 | D:15     | Entered Level 15 of the Dungeon
 71329 | D:15     | Learned a level 2 spell: Blink
 71332 | D:15     | Learned a level 2 spell: Repel Missiles
 71431 | D:15     | Noticed Nessos
 71438 | D:15     | Killed Nessos
 71687 | D:15     | Reached skill level 18 in Spellcasting
 72140 | D:15     | Found a deep blue altar of Sif Muna.
 72251 | D:15     | Found a staircase to the Depths.
 72473 | Depths:1 | Entered Level 1 of the Depths
 72569 | Depths:1 | Upgraded the game from 0.17-a0-1046-ga09e34d to 0.17-a0-1056-g838d5c0
 74309 | Vaults:2 | Noticed Boris
 75217 | Vaults:2 | Killed Boris
 76453 | Spider:1 | Learned a level 5 spell: Phase Shift
 77360 | Vaults:3 | Reached skill level 1 in Necromancy
 77511 | Vaults:3 | Reached XP level 21. HP: 110/129 MP: 21/44
 77995 | Vaults:2 | Learned a level 3 spell: Gell's Gravitas
 78079 | D:13     | Learned a level 4 spell: Control Teleport
 79019 | Vaults:3 | Found a staircase to the Crypt.
 79817 | Vaults:3 | Reached skill level 19 in Spellcasting
 80736 | Vaults:4 | Found Duycass's Armour Shop.
 81803 | Vaults:4 | Reached skill level 10 in Charms
 83308 | Elf:2    | Found an ancient bone altar of Kikubaaqudgha.
 83753 | Elf:2    | Found a huge runed gate.
 83753 | Elf:2    | Found a huge runed gate.
 83753 | Elf:2    | Found a huge runed gate.
 83802 | Elf:2    | Found a huge runed gate.
 83803 | Elf:2    | Found a huge runed gate.
 83992 | Elf:2    | Reached skill level 10 in Stealth
 84821 | Elf:3    | Entered Level 3 of the Elven Halls
 85274 | Elf:3    | Noticed Saint Roka
 85319 | Elf:3    | Noticed Charly's ghost (mighty DgTm)
 85814 | Elf:2    | Killed Saint Roka
 85814 | Elf:2    | Reached XP level 22. HP: 53/135 MP: 21/46
 86115 | Elf:3    | Reached skill level 20 in Spellcasting
 86147 | Elf:3    | Got an iridescent great mace
 86148 | Elf:3    | Identified the +4 great mace of the Illusory Suns {freeze, *Drain rF+++ Int+3 Stlth+} (You took it off a deep elf death mage on level 3 of the Elven Halls)
 86269 | Elf:3    | Found a deep blue altar of Sif Muna.
 86676 | Elf:3    | Killed Charly's ghost
 87860 | Elf:3    | Identified the Compendium of Glacial Bewitchment
 88149 | Elf:3    | Got a faintly glowing hand axe
 88150 | Elf:3    | Identified the +7 hand axe of Anymnousu {chop, rElec} (You took it off a deep elf annihilator on level 3 of the Elven Halls)
 88210 | Elf:3    | Got a slimy scimitar
 88211 | Elf:3    | Identified the +7 scimitar "Eliecapt" {flame, Dex+6} (You found it on level 3 of the Elven Halls)
 88219 | Elf:3    | Got a twitching turquoise ring
 88221 | Elf:3    | Identified the ring of Ypoagiur {Ice Str+6} (You found it on level 3 of the Elven Halls)
 88256 | Elf:3    | Learned a level 2 spell: Swiftness
 88266 | Elf:3    | Got a steaming hunting sling
 88267 | Elf:3    | Identified the cursed +0 hunting sling of Instinct {venom, +Fly rF- Int+4} (You found it on level 3 of the Elven Halls)
 88279 | Elf:3    | Identified the Tome of Assistive Hexes
 88289 | Elf:3    | Learned a level 1 spell: Apportation
 88852 | Crypt:1  | Entered Level 1 of the Crypt
 90324 | Crypt:2  | Found a magical portal.
 90332 | WizLab   | Entered The Chambers of Piep the Cloud Mage
 91320 | WizLab   | Reached skill level 15 in Stealth
 91940 | WizLab   | Identified the Catalogue of Air
 91946 | WizLab   | Identified the Handbook of Harmful Feathers
 93474 | Crypt:3  | Entered Level 3 of the Crypt
 93663 | Crypt:3  | Got a faintly humming robe
 93674 | Crypt:3  | Identified the cursed +0 robe of Tiwk {rC+} (You found it on level 3 of the Crypt)
 93691 | Crypt:3  | Learned a level 4 spell: Summon Lightning Spire
 94442 | Crypt:3  | Reached XP level 23. HP: 140/140 MP: 38/48
 94855 | D:10     | You paid a toll of a +3 storm dragon armour to enter a treasure trove
 94856 | Trove    | Entered a treasure trove
 94915 | Trove    | Got a faintly glowing ring mail
 94919 | Trove    | Got a smoking hand crossbow
 94929 | D:10     | Identified the +2 hand crossbow "X" {penet, *Contam rElec Stlth+} (You found it in a treasure trove)
 94931 | D:10     | Identified the +5 ring mail of the Doge {rPois rF+ rN+ Dex-4} (You found it in a treasure trove)
 95453 | D:13     | Learned a level 6 spell: Deflect Missiles
 96256 | Crypt:3  | Found an ancient bone altar of Kikubaaqudgha.
 98050 | Crypt:3  | Noticed an ancient lich
 98560 | Crypt:3  | Noticed an ancient lich
 98590 | Crypt:3  | Killed an ancient lich
 98590 | Crypt:3  | Reached skill level 21 in Spellcasting
 98794 | Crypt:3  | Got a clouded marble ring
 98794 | Crypt:3  | Got a wavering graven amulet
 98794 | Crypt:3  | Got a flickering lead ring
 98796 | Crypt:3  | Identified the amulet of Adenwoq {Ward rN+ Str+2 Int+4 Slay+2} (You found it on level 3 of the Crypt)
 98799 | Crypt:3  | Identified the ring of Midsummer {rN+ Dex+3} (You found it on level 3 of the Crypt)
 98801 | Crypt:3  | Identified the ring "Ruqilex" {rC+ rN+ Str-5 Int+4} (You found it on level 3 of the Crypt)
 98807 | Crypt:3  | Got a twisted shortbow
 98808 | Crypt:3  | Identified the +8 shortbow "Pextilan" {venom, *Contam rPois Int+10 Stlth+} (You found it on level 3 of the Crypt)
 99309 | Crypt:3  | Reached skill level 10 in Air Magic
 99779 | Crypt:3  | Found a staircase to the Tomb.
100950 | Vaults:5 | Entered Level 5 of the Vaults
101184 | Crypt:3  | Identified Kikubaaqudgha's Handbook of Stolen Souls
101917 | Depths:1 | Reached skill level 15 in Air Magic
102499 | Depths:1 | Reached XP level 24. HP: 146/146 MP: 47/49
102528 | Depths:1 | Noticed Margery
102531 | Depths:1 | Killed Margery
102603 | Depths:1 | Found a gateway to Hell.
102648 | Depths:1 | Found a runed door.
102671 | Depths:1 | Got a pair of heavily runed boots
102682 | Depths:1 | Identified the +1 pair of boots of Vofaklof {rF++ MR+} (You acquired it on level 1 of the Depths)
103147 | Depths:2 | Reached skill level 15 in Fire Magic
103199 | Depths:1 | Upgraded the game from 0.17-a0-1056-g838d5c0 to 0.17-a0-1069-g92ad481
103508 | Depths:2 | Reached skill level 10 in Translocations
104577 | D:13     | Learned a level 4 spell: Airstrike
105746 | Depths:3 | Found a runed door.
106085 | Depths:3 | Found a one-way gate leading to the halls of Pandemonium.
106136 | Depths:3 | Found a gateway to a ziggurat.
106380 | Depths:3 | Found a runed door.
107595 | Depths:4 | Found a one-way gate to the infinite horrors of the Abyss.
108534 | Depths:4 | Reached XP level 25. HP: 152/152 MP: 34/49
108536 | Depths:4 | Reached skill level 22 in Spellcasting
109386 | Depths:4 | Identified the Reference Book on Attacks and the Birds (You found it on level 4 of the Depths)
109395 | Depths:4 | Learned a level 6 spell: Conjure Ball Lightning
109535 | Depths:5 | Entered Level 5 of the Depths
109892 | Depths:5 | Noticed Boris
109898 | Depths:5 | Killed Boris
110446 | Depths:5 | Found a gate to the Realm of Zot.
110612 | Depths:5 | Noticed Jory
110623 | Depths:5 | Killed Jory
114335 | Vaults:4 | Reached XP level 26. HP: 93/159 MP: 26/50
114691 | Vaults:5 | Got an ancient buckler
114697 | Vaults:5 | Identified the +1 buckler of Vizidd {-Cast rElec rC+++ MP+9} (You acquired it on level 5 of the Vaults)
114716 | Vaults:5 | Identified a +5 rod of clouds (14/14) (You found it on level 5 of the Vaults)
114721 | Vaults:5 | Got a steaming helmet
114722 | Vaults:5 | Identified the +1 helmet of Hedam {*Confuse rC++ Int+2} (You found it on level 5 of the Vaults)
114727 | Vaults:5 | Got an iridescent hand crossbow
114728 | Vaults:5 | Identified the cursed +1 hand crossbow of the Dark Horse {flame, rElec MR+ Int-3 SInv} (You found it on level 5 of the Vaults)
114731 | Vaults:5 | Got a shimmering great sword
114732 | Vaults:5 | Identified the +5 great sword "Rix Geca" {venom, +Rage} (You found it on level 5 of the Vaults)
114828 | Vaults:5 | Got a polished mace
115188 | Vaults:4 | Reached skill level 23 in Spellcasting
115546 | Vaults:5 | Identified the +4 mace "Rusupla" {speed, rF+ MR- Str+4 Int+5} (You took it off an ironheart preserver on level 5 of the Vaults)
115548 | Vaults:5 | Got an encrusted long sword
115549 | Vaults:5 | Identified the +8 long sword "Onku" {slice, Int+3} (You took it off an ironbrand convoker on level 5 of the Vaults)
116203 | Vaults:5 | Got an uncursed iridescent falchion {flame}
116541 | D:11     | Bought a scroll of identify for 26 gold pieces
116541 | D:11     | Identified the +7 falchion "Kepreyxi" {flame, MR+} (You took it off a yaktaur captain on level 5 of the Vaults)
117688 | Vaults:5 | Got a silver rune of Zot
117701 | Vaults:5 | Gained mutation: You are dopey. (Int -2) [potion of mutation]
117701 | Vaults:5 | Gained mutation: You are covered in fur (AC +1). [potion of mutation]
117732 | Vaults:5 | Reached skill level 10 in Long Blades
118682 | Lair:1   | Learned a level 6 spell: Freezing Cloud
118853 | Slime:1  | Entered Level 1 of the Pits of Slime
119677 | Slime:2  | Upgraded the game from 0.17-a0-1069-g92ad481 to 0.17-a0-1078-g243345b
119933 | Slime:6  | Entered Level 6 of the Pits of Slime
120868 | Slime:6  | Found a viscous altar of Jiyva.
120979 | Slime:6  | Noticed the royal jelly
122926 | Slime:2  | Reached skill level 15 in Dodging
124427 | Crypt:3  | Killed an ancient lich
124427 | Crypt:3  | Reached XP level 27. HP: 154/166 MP: 21/51
124666 | Tomb:1   | Entered Level 1 of the Tomb of the Ancients
124822 | Tomb:1   | Noticed Charly's ghost (great DsMo)
126194 | Lair:8   | Identified a +2 rod of destruction (9/9) (You took it off a deep elf high priest on level 5 of the Vaults)
126696 | Zot:1    | Entered Level 1 of the Realm of Zot
126854 | Zot:1    | Lost mutation: You have a pair of small horns on your head. [potion of mutation]
126854 | Zot:1    | Gained mutation: You can breathe flames. [potion of mutation]
127497 | Vaults:5 | Reached skill level 24 in Spellcasting
128271 | Zot:1    | Noticed an orb of fire
134469 | Zot:4    | Noticed Tiamat
134830 | Zot:4    | Got an ancient cloak
134841 | Zot:4    | Identified the +0 cloak of the Present {rC+} (You acquired it on level 4 of the Realm of Zot)
136081 | Zot:4    | Noticed an orb of fire
136617 | Orc:4    | Bought a scroll of amnesia for 45 gold pieces
136630 | Orc:4    | Learned a level 9 spell: Tornado
136999 | Slime:3  | Reached skill level 1 in Ice Magic
138058 | Slime:6  | Killed the royal jelly
138058 | Slime:6  | Reached skill level 25 in Spellcasting
138077 | Slime:6  | Got an ichor-stained whip
138078 | Slime:6  | Identified the +9 whip of Fasm {freeze, rC- rN+ MR++ Dex+2} (You found it on level 6 of the Pits of Slime)
138165 | Slime:6  | Got a slimy rune of Zot
138167 | Slime:6  | Got a clouded copper amulet
138169 | Slime:6  | Identified the amulet of Nipnuul {rMut SInv} (You found it on level 6 of the Pits of Slime)
138287 | Slime:6  | Got a crude ivory ring
138289 | Slime:6  | Identified the ring "Qaytwuh" {*Confuse rElec rC+ rN+ MR+} (You found it on level 6 of the Pits of Slime)
138298 | Slime:6  | Identified the Papyrus of Cankerous Moulding
138313 | Slime:6  | Got a pair of distressingly furry boots
138324 | Slime:6  | Identified the +0 pair of boots of Spring {rF+ Dex+3} (You acquired it on level 6 of the Pits of Slime)
138363 | Slime:6  | Got a smoking steel ring
138365 | Slime:6  | Identified the ring "Depp" {rPois MP+9} (You found it on level 6 of the Pits of Slime)
138372 | Slime:6  | Got a vibrating jade ring
138374 | Slime:6  | Identified the cursed ring of Ephemeral Luck {EV-3 Int+2 Dex+3} (You found it on level 6 of the Pits of Slime)
138384 | Slime:6  | Got a translucent war axe
138385 | Slime:6  | Identified the cursed +0 war axe of Xiapsaol {speed, Dex+5} (You found it on level 6 of the Pits of Slime)
138424 | Slime:6  | Got an ebony hunting sling
138425 | Slime:6  | Identified the +4 hunting sling of the Pit {velocity, Int+2} (You found it on level 6 of the Pits of Slime)
138430 | Slime:6  | Got an encrusted spear
138431 | Slime:6  | Identified the cursed +1 spear of the Toadstool {freeze, Dex+4} (You found it on level 6 of the Pits of Slime)
140700 | Tomb:2   | Noticed an ancient lich
140703 | Tomb:2   | Noticed an ancient lich
140706 | Tomb:2   | Gained mutation: You expend magic power (3 MP) to strengthen your wands. [a neqoxec]
141037 | Tomb:1   | HP: 7/169 [ancient lich (16)]
141532 | Tomb:1   | Killed an ancient lich
141754 | Tomb:1   | Killed an ancient lich
146539 | Lair:2   | Found a shimmering altar of Xom.
148690 | Lair:7   | Found a blossoming altar of Fedhas.
149180 | Lair:8   | Found a staircase to the Slime Pits.
149690 | Lair:8   | Killed nago's ghost
150874 | Vaults:1 | Found Vutijo's Weapon Boutique.
153213 | Tomb:1   | Reached skill level 26 in Spellcasting
155268 | Tomb:3   | Entered Level 3 of the Tomb of the Ancients
155632 | Tomb:3   | Noticed Khufu
157607 | Tomb:1   | Killed Khufu
157607 | Tomb:1   | Reached skill level 10 in Fighting
158572 | Tomb:2   | Lost mutation: You are dopey. (Int -2) [the power of Zot]
159039 | Tomb:3   | Noticed an ancient lich
159063 | Tomb:2   | Blown up by an ancient lich

Vault maps used:
D:1:      minmay_arrival_split_and_join
D:2:      serial_curves, eino_curves_03, eino_curves_03,
          kennysheep_generic_room_16, uniq_robin
D:3:      nicolae_overflow_crystal_walls, first_bread
D:4:      lemuel_castle_with_subvaults, solitary_fountain
D:5:      lemuel_doored_altar, temple_doors_a
D:6:      grunt_gozag_breadcrumbs
D:7:      overflow_temple_1_default, serial_glass, glass_columns_b,
          glass_columns_a
D:8:      okawaru_ov_weapons_minmay, kennysheep_mini, serial_shops, shop,
          uniq_pikel
D:9:      lemuel_upstairs_altar, overflow_temple_1_default, lair_0_dummy
D:10:     enter_trove_3, serial_shops, nicolae_shop_overgrown_old_shop,
          hangedman_little_slice_of_home, jmf_multi_god_temple2, uniq_psyche,
          uniq_fannar, uniq_grum, uniq_maud
D:11:     minmay_diamond_stairs, hiddenorc1_lemuel, serial_shops,
          shop_fountains, nicolae_shop_statue_plus, shop, shop
D:12:     special_room, minmay_misc_feat_iff, uniq_azrael
D:13:     lightli_vaults_fourway_checkpoint, st_stairs_5
D:15:     grunt_enter_depths_snipers, lemuel_blue_sif_altar,
          hangedman_decor_slide_cut, uniq_nessos
Temple:   water_room_temple_b_12
Lair:1:   minivault_24, st_stairs_9, minivault_24,
          nicolae_lair_grove_arrangements, infiniplex_staircase_pool_2,
          lemuel_fruit_tree
Lair:2:   basic_altar, grunt_megastairs_4
Lair:3:   special_room, minivault_23
Lair:4:   nicolae_quartered_pool_medium
Lair:5:   infiniplex_staircase_pool, grunt_megastairs_2, uniq_rupert
Lair:6:   minmay_swamp_entry_worms, nicolae_spider_entry_tight_spaces,
          uniq_snorg
Lair:7:   basic_altar
Lair:8:   hangedman_lair_tendril_chambers, hangedman_lair_caniforms_friends,
          dpeg_slime_entry_corner
Swamp:1:  hangedman_swamp_diagram, uniq_roxanne
Swamp:2:  hangedman_swamp_blocks
Swamp:3:  serial_swamp_ruin, evilmike_swamp_ruin_house_6,
          evilmike_swamp_ruin_rubble_2, hangedman_swamp_ruin_wall, swamp_pool3,
          cheibrodos_swamp_kobolds
Swamp:4:  swamp_alternative, swamp_pool1
Spider:1: uniq_aizul
Spider:3: uniq_louise
Spider:4: spider_rune_water, spider_trap, uniq_asterion
Slime:1:  hangedman_slime_tunnels
Slime:5:  cheibrodos_slime_lost_civilization_4
Orc:1:    nicolae_orc_accident_1
Orc:3:    nicolae_orc_pool_cavern
Orc:4:    grunt_orc_tribal_feast, serial_shops, nicolae_shop_stone
Elf:1:    eino_elf_arrival_sip, basic_altar, orc_legates, uniq_agnes
Elf:2:    basic_altar
Elf:3:    minmay_elf_hall, hangedman_summoners_spam, uniq_saint_roka
Vaults:1: vaults_standard_mumra_enter_the_diamond, v_misc_4, v_misc_29,
          ontoclasm_vaults_decontamination, v_misc_17,
          nicolae_vaults_yaktaur_gun_rack, nicolae_vaults_three_branches,
          v_rooms_6, vaults_room_hallway, ontoclasm_vaults_gateway,
          serial_shops, nicolae_shop_window_shopping
Vaults:2: vaults_room_fours, nicolae_vaults_gold_heap,
          ontoclasm_vaults_ligature, hangedman_vaults_cutoff,
          grunt_vaults_twisty, grunt_vaults_diagonal, vaults_room_pool,
          kb_rosetta, vaults_room_fours, nicolae_vaults_triangles,
          grunt_vaults_funnel, ontoclasm_vaults_twist,
          ontoclasm_vaults_loading_screen, uniq_boris
Vaults:3: minmay_crypt_entry_nasty_monster, nicolae_vaults_twisting_passages,
          st_quartered_hall, v_misc_17, v_misc_13, hangedman_vaults_impose,
          vaults_mumra_chevron, v_misc_26, serial_ice_h
Vaults:4: nicolae_vaults_windows_and_doors_thing, v_misc_10,
          vaults_room_stairs_pillars, vaults_mumra_lcd, v_misc_5, v_misc_26,
          nicolae_vaults_little_squares_3, serial_shops, shop
Vaults:5: serial_shops
Crypt:1:  grunt_crypt_arrival_split
Crypt:2:  infiniplex_enter_wizlab_spiral, roderic_lattice_octagonal_star
Crypt:3:  evilmike_haunted_forest
Depths:1: minmay_expanding_circles, kennysheep_nub, grunt_metal_band,
          nrook_mini_backslash, minmay_misc_feat_alley,
          serial_sigils_hangedman_gut, grunt_ministairs_8,
          statue_in_the_mist_lemuel, water_boxes_lemuel,
          kennysheep_random_hallway
Depths:2: kennysheep_funnel, pf_hell_entry_tar_river,
          minmay_misc_feat_diagonals, minmay_staircase_windowed_small,
          grunt_megastairs_3, firewood_loft, serial_bayou_shore_b
Depths:3: thingy_vault_2, enter_ziggurat_b, pan_entry, grunt_hell_entry_dis_old,
          minmay_misc_feat_pillars, minmay_staircase_statues
Depths:4: minmay_concentric_multi, grunt_decor_fettered, abyss_entry,
          hell_entry, minmay_staircase_bubble
Depths:5: grunt_x_marks_the_spot, hellmouth_1, abyss_entry, nicolae_wwwww,
          uniq_jory, uniq_margery, uniq_boris
Zot:3:    zot_minivault_1
Zot:4:    uniq_tiamat
Abyss:1:  minivault_28
Trove:    trove_treasure_island
WizLab:   wizlab_cloud

Action                   |  1- 3 |  4- 6 |  7- 9 | 10-12 | 13-15 | 16-18 | 19-21 | 22-24 | 25-27 || total
-------------------------+-------+-------+-------+-------+-------+-------+-------+-------+-------++-------
Melee: Dagger            |       |    24 |   229 |   161 |   143 |   191 |   129 |     7 |    28 ||   912
       Rapier            |       |       |     1 |       |       |       |       |       |       ||     1
       Flail             |       |       |       |     9 |     1 |       |       |       |       ||    10
       Long sword        |       |       |       |       |   744 |   395 |   547 |     8 |       ||  1694
       Scimitar          |       |       |       |       |       |       |       |   186 |  1413 ||  1599
 Fire: Blowgun           |       |       |     6 |    21 |    17 |     4 |       |       |       ||    48
       Shortbow          |       |       |       |       |   500 |   748 |   597 |       |       ||  1845
       Longbow           |       |       |       |       |       |       |   563 |  1092 |   983 ||  2638
 Cast: Flame Tongue      |    59 |    80 |   155 |   360 |   397 |       |       |       |       ||  1051
       Throw Flame       |    10 |    64 |   138 |   109 |   159 |    84 |    28 |     1 |       ||   593
       Conjure Flame     |       |     1 |     5 |     8 |     7 |       |     4 |       |       ||    25
       Sticky Flame      |       |       |     6 |    78 |   202 |   109 |   116 |    74 |   140 ||   725
       Shock             |       |       |     6 |       |    52 |     8 |       |       |       ||    66
       Bolt of Magma     |       |       |       |    23 |    41 |       |       |       |       ||    64
       Fireball          |       |       |       |    34 |    97 |   114 |   190 |   341 |   468 ||  1244
       Shroud of Golubri |       |       |       |    24 |    84 |    31 |    29 |     9 |    66 ||   243
       Mephitic Cloud    |       |       |       |       |   127 |   139 |   150 |    58 |    49 ||   523
       Delayed Fireball  |       |       |       |       |     3 |     7 |    13 |     4 |    25 ||    52
       Bolt of Cold      |       |       |       |       |    13 |     2 |       |       |       ||    15
       Regeneration      |       |       |       |       |     4 |     4 |     5 |     3 |    29 ||    45
       Lightning Bolt    |       |       |       |       |     1 |     3 |     4 |    17 |    39 ||    64
       Magic Dart        |       |       |       |       |       |   138 |   252 |   250 |     7 ||   647
       Iskenderun's Batt |       |       |       |       |       |    50 |   176 |   197 |   223 ||   646
       Dazzling Spray    |       |       |       |       |       |    21 |   132 |    29 |    19 ||   201
       Animate Skeleton  |       |       |       |       |       |     5 |       |       |       ||     5
       Force Lance       |       |       |       |       |       |    41 |   198 |   293 |   216 ||   748
       Ignite Poison     |       |       |       |       |       |     2 |       |       |       ||     2
       Blink             |       |       |       |       |       |       |     6 |     1 |     8 ||    15
       Phase Shift       |       |       |       |       |       |       |    33 |    13 |    63 ||   109
       Repel Missiles    |       |       |       |       |       |       |     5 |     1 |       ||     6
       Swiftness         |       |       |       |       |       |       |       |     5 |    10 ||    15
       Summon Lightning  |       |       |       |       |       |       |       |     2 |       ||     2
       Deflect Missiles  |       |       |       |       |       |       |       |     2 |     7 ||     9
       Control Teleport  |       |       |       |       |       |       |       |     2 |    11 ||    13
       Airstrike         |       |       |       |       |       |       |       |    57 |   332 ||   389
       Apportation       |       |       |       |       |       |       |       |    37 |    13 ||    50
       Conjure Ball Ligh |       |       |       |       |       |       |       |       |     3 ||     3
       Freezing Cloud    |       |       |       |       |       |       |       |       |    26 ||    26
       Tornado           |       |       |       |       |       |       |       |       |    11 ||    11
 Abil: Release Delayed F |       |       |       |       |     2 |     8 |    13 |     3 |    24 ||    50
       Evoke Flight      |       |       |       |       |       |     1 |       |     2 |     4 ||     7
       Stop Flying       |       |       |       |       |       |       |       |     3 |       ||     3
       Evoke Teleportati |       |       |       |       |       |       |       |       |     7 ||     7
Evoke: Wand              |       |       |       |       |       |    15 |     7 |    10 |     6 ||    38
       Fan of gales      |       |       |       |       |       |     2 |     3 |       |       ||     5
       Lamp of fire      |       |       |       |       |       |       |       |     3 |     3 ||     6
  Use: Potion            |     1 |     1 |     2 |     2 |     8 |     8 |     2 |     4 |    18 ||    46
       Scroll            |     6 |     4 |     3 |    12 |    11 |    21 |    17 |    22 |    39 ||   135
 Stab: Sleeping          |       |     5 |     5 |     2 |     5 |     5 |    14 |     6 |    11 ||    53
       Distracted        |       |       |     2 |     1 |     4 |     1 |     3 |     4 |    22 ||    37
       Confused          |       |       |       |       |    45 |    41 |    68 |    17 |    45 ||   216
       Fleeing           |       |       |       |       |     1 |       |       |       |       ||     1
       Invisible         |       |       |       |       |     3 |     3 |     3 |       |     1 ||    10
  Eat: Chunk             |     4 |    12 |    22 |    34 |    75 |    36 |    65 |    32 |    71 ||   351
       Pizza             |       |       |       |     1 |     1 |       |     1 |     1 |     1 ||     5
       Beef jerky        |       |       |       |     3 |     3 |     3 |     3 |     9 |    11 ||    32
       Fruit             |       |       |       |     1 |       |     5 |       |     6 |    12 ||    24
       Royal jelly       |       |       |       |       |       |     1 |     1 |     1 |     1 ||     4
       Bread ration      |       |       |       |       |       |     1 |     2 |     1 |    11 ||    15
       Meat ration       |       |       |       |       |       |     2 |       |     2 |     3 ||     7
